 Dungeon Crawl Stone Soup version 0.24.0-1-gfbc8707122 (webtiles) character file.

Game seed: 13396744423588620766, levelgen mode: deterministic

451 mopl the Cudgeler (level 7, -7/41 HPs)
             Began as a Gargoyle Berserker on Oct 28, 2019.
             Was a Priest of Trog.
             Killed by divine providence
             ... invoked by an orc priest
              (11 damage)
             ... on level 4 of the Dungeon.
             The game lasted 00:03:45 (3215 turns).

mopl the Cudgeler (Gargoyle Berserker)              Turns: 3215, Time: 00:03:46

Health: -7/41      AC: 17    Str: 21    XL:     7   Next: 4%
Magic:  7/7        EV:  5    Int:  7    God:    Trog [***...]
Gold:   226        SH:  8    Dex: 11    Spells: 6/6 levels left

rFire    . . .     SeeInvis +   a - +0 mace
rCold    . . .     Gourm    .   w - +1 shield {AC+3}
rNeg     + . .     Faith    .   h - +0 chain mail
rPois    ∞         Spirit   .   y - +0 helmet
rElec    +         Reflect  .   (no cloak)
rCorr    .         Harm     .   (no gloves)
MR       .....                  (no boots)
Stlth    ..........             (no amulet)
HPRegen  0.13/turn              s - ring of see invisible
MPRegen  0.10/turn              (no ring)

@: berserk cooldown, slowed, very slow
A: negative energy resistance 1, electricity resistance, unbreathing,
petrification resistance, rot immunity, AC +4
a: Berserk, Trog's Hand, Renounce Religion


You were on level 4 of the Dungeon.
You worshipped Trog.
Trog was most pleased with you.
You were near starving.

You visited 1 branch of the dungeon, and saw 4 of its levels.

You collected 226 gold pieces.

Inventory:

Hand Weapons
 a - a +0 mace (weapon)
Missiles
 p - 6 atropa-tipped darts (quivered)
 u - 8 poisoned darts
Armour
 h - a +0 chain mail (worn)
 w - a +1 shield of protection (worn)
 y - a +0 helmet (worn)
Jewellery
 s - a ring of see invisible (left hand)
 t - an uncursed amulet of rage {unknown}
Scrolls
 b - a scroll of immolation {unknown}
 d - 4 scrolls of identify {unknown}
 e - 2 scrolls of enchant weapon {unknown}
 f - 3 scrolls of remove curse {unknown}
 i - 2 scrolls of fog {unknown}
 l - 2 scrolls of teleportation {unknown}
 n - 4 scrolls of amnesia {unknown}
 r - a scroll of blinking {unknown}
 v - a scroll of enchant armour {unknown}
 x - a scroll of magic mapping {unknown}
 B - a scroll of random uselessness {unknown}
Potions
 g - a potion of heal wounds {unknown}
 j - 2 potions of resistance {unknown}
 k - a potion of degeneration {unknown}
 m - 2 potions of haste {unknown}
 o - 5 potions of curing {unknown}
 q - 2 potions of flight {unknown}
 z - a potion of lignification {unknown}
 A - a potion of mutation {unknown}
 C - a potion of brilliance {unknown}
 D - a potion of cancellation {unknown}
Comestibles
 c - 11 rations


   Skills:
 - Level 3.2 Fighting
 + Level 7.7 Maces & Flails
 - Level 2.1 Armour
 - Level 1.5 Dodging


You had 6 spell levels left.
You didn't know any spells.
Your spell library was empty.

Dungeon Overview and Level Annotations

Branches:
Dungeon (4/15)
 Temple: D:4-7

Altars:
Sif Muna
Trog


Innate Abilities, Weirdness & Mutations

You are resistant to torment.
Your stone body is resilient. (AC +4)
You are immune to poison.
You resist negative energy. (rN+)
You are resistant to electric shocks. (rElec)
You can survive without breathing.
You are immune to petrification.
You are immune to rotting.


Message History

You block the orc priest's attack.
You hit the orc priest but do no damage.
You block the orc priest's attack.
All of the chunks of flesh in your inventory have rotted away.
You closely miss the orc priest.
The orc priest calls down the wrath of Beogh upon you.
Beogh smites you!
* * * LOW HITPOINT WARNING * * *
The orc priest hits you but does no damage.
You hit the orc priest.
The orc priest is heavily wounded.
You block the orc priest's attack.
You hit the orc priest.
The orc priest is severely wounded.
The orc priest hits you but does no damage. x2
You hit the orc priest.
The orc priest is almost dead.
The orc priest invokes the aid of Beogh against you.
Beogh smites you!
You die...

#....# ..#
#....#.#.#.#. +#
.......... ... .
.....#. ..###.
...### ......
...#######. .....#
........... .....#
...##########.##o#
..### ........##@#
....###.##.##.##.#
.............(##.#
.##.....#..##....#
.....#........####
.....#....###.#
.#.#........#.#
....#.....<...#
..<##.....#####


You could see an orc priest.

Vanquished Creatures
  A bullfrog skeleton (D:4)
  A centaur skeleton (D:4)
  2 worker ants
  2 orc wizards (D:4)
  A hound skeleton (D:4)
  9 gnolls
  9 adders
  An ooze (D:3)
  6 leopard geckos
  7 orcs
  A ball python (D:1)
  9 bats
  4 giant cockroaches
  6 goblins (D:3)
  8 hobgoblins
  17 jackals
  4 quokkas (D:3)
  A jackal skeleton (D:4)
  3 kobolds
  A quokka skeleton (D:4)
  5 rats
98 creatures vanquished.

Notes
Turn   | Place    | Note
-------+----------+-------------------------------------------
     0 | D:1      | mopl the Gargoyle Berserker began the quest for the Orb.
     0 | D:1      | Reached XP level 1. HP: 14/14 MP: 1/1
   220 | D:1      | Reached XP level 2. HP: 19/19 MP: 2/2
   322 | D:1      | You fall into a shaft and drop 1 floor!
   334 | D:2      | Reached skill level 4 in Maces & Flails
   338 | D:2      | Reached XP level 3. HP: 18/23 MP: 3/3
   475 | D:2      | Reached ** piety under Trog
   578 | D:2      | Reached XP level 4. HP: 26/28 MP: 4/4
   588 | D:2      | Reached skill level 5 in Maces & Flails
  1421 | D:2      | Found a bloodstained altar of Trog.
  1575 | D:3      | Found a shimmering blue altar of Sif Muna.
  1596 | D:3      | Reached XP level 5. HP: 24/32 MP: 5/5
  1714 | D:3      | Reached skill level 6 in Maces & Flails
  2191 | D:3      | Reached XP level 6. HP: 37/37 MP: 6/6
  2316 | D:3      | Reached *** piety under Trog
  2825 | D:4      | Reached skill level 7 in Maces & Flails
  3190 | D:4      | Reached XP level 7. HP: 29/41 MP: 7/7
  3215 | D:4      | Killed from afar by an orc priest

Levels and vault maps discovered:
D:1:      lemuel_arrival_muddy, layout_loops_corners
D:2:      layout_basic, marbit_many_paths, minmay_tetromino_s2
D:3:      wad_woods_tower, layout_basic, old_standard_altar
D:4:      layout_basic, kennysheep_slug_shrine, kennysheep_little_box

Skill      XL: |  1  2  3  4  5  6 |
---------------+-------------------+-----
Maces & Flails | 4 5 6 7 |  7.7
Fighting       | |  3.2
Armour         | |  2.1
Dodging        | |  1.5

Action                   |  1- 3 |  4- 6 |  7- 9 || total
-------------------------+-------+-------+-------++-------
Melee: Mace              |    81 |   330 |    24 ||   435
Invok: Berserk           |     1 |     4 |     1 ||     6
  Eat: Chunk             |       |    12 |       ||    12
Armor: Animal skin       |    12 |       |       ||    12
       Chain mail        |    19 |   274 |     9 ||   302
Dodge: Dodged            |    62 |   131 |     2 ||   195
Block: Shield            |       |   113 |    10 ||   123
